 Dungeon Crawl Stone Soup version 0.28.0 (webtiles) character file.

Game seed: 6157653367249086069

19 Prodoman the Magician (level 2, -1/19 HPs)
             Began as a Demonspawn Hedge Wizard on Feb 4, 2022.
             Slain by a quokka (4 damage)
             ... on level 1 of the Dungeon.
             The game lasted 00:02:54 (554 turns).

Prodoman the Magician (Demonspawn Hedge Wizard)      Turns: 554, Time: 00:02:58

Health: -1/19      AC:  3    Str: 10    XL:     2   Next: 55%
Magic:  5/6        EV: 11    Int: 15    God:
Gold:   14         SH:  0    Dex: 14    Spells: 6/7 levels left

rFire   . . .      SeeInvis .   f - +0 dagger (elec)
rCold   . . .      Faith    .   (no shield)
rNeg    . . .      Spirit   .   i - +0 leather armour
rPois   .          Reflect  .   c - +0 hat
rElec   .          Harm     .   (no cloak)
rCorr   .          Rampage  .   (no gloves)
Will    .....                   (no boots)
Stlth   +++.......              g - amulet of magic regeneration
HPRegen 0.06/turn               (no ring)
MPRegen 0.50/turn               (no ring)

@: very slightly contaminated
A: thin skeletal structure 1
a: no special abilities


You were on level 1 of the Dungeon.
You visited 1 branch of the dungeon, and saw 1 of its levels.

You collected 14 gold pieces.

Inventory:

Hand Weapons
 a - a +0 dagger
 f - a +0 dagger of electrocution (weapon)
Armour
 b - a +0 robe
 c - a +0 hat (worn)
 i - a +0 leather armour (worn)
Jewellery
 g - an amulet of magic regeneration (around neck)
Scrolls
 d - a scroll of magic mapping {unknown}
 e - 2 scrolls of identify {unknown}
 h - a scroll of immolation {unknown}


   Skills:
 + Level 1.9 Dodging
 + Level 2.0 Stealth
 + Level 3.1 Spellcasting
 + Level 1.3 Conjurations
 + Level 1.4 Summonings
 + Level 1.2 Translocations


You had 6 spell levels left.
You knew the following spells:

 Your Spells              Type           Power      Damage    Failure   Level
a - Magic Dart            Conj           24%        1d4       16%         1

Your spell library contained the following spells:

 Spells                   Type           Power      Damage    Failure   Level
 Call Imp                 Summ           6%         N/A       22%         2
 Blink                    Tloc           12%        N/A       24%         2
 Slow                     Hex            8%         N/A       26%         1
 Conjure Flame            Conj/Fire      4%         6-21      52%         3
 Mephitic Cloud           Conj/Pois/Air  3%         N/A       56%         3


Dungeon Overview and Level Annotations

Branches:
Dungeon (1/15)

Altars:


Innate Abilities, Weirdness & Mutations

You have a somewhat thin skeletal structure. (Dex +2, Stealth+)


Message History

The magic dart hits the quokka.
The quokka is severely wounded.
Casting: Magic Dart (safe; 12% risk of failure)
Confirm with . or Enter, or press ? or * to list all spells.
You can't see any susceptible monsters within range! (Use Z to cast anyway.)
Okay, then.
You start removing your armour.
You continue taking off your +0 robe.
The quokka misses you.
You continue taking off your +0 robe.
The quokka barely misses you. The quokka misses you.
You continue taking off your +0 robe.
The quokka misses you.
You continue taking off your +0 robe.
The quokka barely misses you.
You finish taking off your +0 robe.
You start putting on your armour.
You continue putting on your +0 leather armour.
The quokka bites you.
Keep equipping yourself? [Y]es or [N]o only, please.
Keep equipping yourself?
You continue putting on your +0 leather armour.
The quokka bites you.
You continue putting on your +0 leather armour.
The quokka closely misses you. The quokka bites you.
You continue putting on your +0 leather armour.
The quokka bites you.
* * * LOW HITPOINT WARNING * * *
You continue putting on your +0 leather armour.
The quokka barely misses you.
You finish putting on your +0 leather armour.
Casting: Magic Dart (safe; 16% risk of failure)
Confirm with . or Enter, or press ? or * to list all spells.
Aiming: Magic Dart (safe; 16% risk of failure)
Press: ? - help, Shift-Dir - straight line, f/p - quokka
Aim: a quokka (severely wounded, 100% to hit)
You miscast Magic Dart.
You are very lightly contaminated with residual magic.
Nothing appears to happen.
The quokka bites you.
You die...

.#####..[..........
..............#########
......................##
.......##........#......
.......##..).....# .....
..>....##........#......
.......##........#......
#................r......
#...............@#......
........................
........................
..........#.............
..................##....
....⌠.⌠............ ..##
.....⌠............. ...
.................... ..
..............#..


You could see a quokka.

Vanquished Creatures
  A dart slug (D:1)
  A ball python (D:1)
  3 bats (D:1)
  2 endoplasms (D:1)
  A giant cockroach (D:1)
  A goblin (D:1)
  A hobgoblin (D:1)
  4 kobolds (D:1)
14 creatures vanquished.

Notes
Turn   | Place    | Note
-------+----------+-------------------------------------------
     0 | D:1      | Prodoman the Demonspawn Hedge Wizard began the quest for
                  | the Orb.
     0 | D:1      | Reached XP level 1. HP: 13/13 MP: 4/4
    46 | D:1      | Reached skill level 1 in Translocations
   223 | D:1      | Gained mutation: You have a somewhat thin skeletal
                  | structure. (Dex +2, Stealth+) [demonic ancestry]
   223 | D:1      | Reached XP level 2. HP: 15/19 MP: 0/6
   554 | D:1      | Slain by a quokka

Illustrated notes

Levels and vault maps discovered:
D:1:      wander_arrival_estate, layout_basic

Skill      XL: |  1  2 |
---------------+-------+-----
Translocations | 1 |  1.2
Stealth        | 2 |  2.0
Dodging        | |  1.9
Spellcasting   | |  3.1
Conjurations   | |  1.3
Summonings     | |  1.4

Action                   || total
-------------------------++-------
Melee: Dagger            ||    14
 Cast: Magic Dart        ||    35
Armor: Robe              ||     3
Dodge: Dodged            ||    21
